AoeStats
← Pillage The Village

Arabia

507566733Analyzed
1v1 RM · 13d ago on Sep 18, 2026· 61m 29s· 2 players
Game mode
Random Map
Map size
Tiny (2 player)
Population
200
Speed
Normal
Resources
Standard
Victory
Conquest
Starting age
Dark Age
Ending age
Imperial Age
RankedLock teamsTeams togetherTeam positionsShared explorationLock speedFull tech treeHidden civsTurbo modeCheats
Victory
Defeat
🇨🇴 Berbers · Colombia
1494
+15
🇧🇪 Mongols · Belgium
1468
-15
Pillage The Village
5:36 Loom
8:28 Feudal Age
16:51 Double-Bit Axe
19:04 Padded Archer Armor
21:32 Fletching
27:30 Castle Age
25:49 Horse Collar
26:20 Gold Mining
27:55 Scale Mail Armor
28:18 Bodkin Arrow
29:13 Husbandry
33:13 Leather Archer Armor
36:07 Ballistics
37:15 Bloodlines
42:15 Wheelbarrow
46:39 Imperial Age
44:58 Bow Saw
47:24 Bracer
48:27 Chemistry
52:25 Light Cavalry
53:23 Forging
53:18 Scale Barding Armor
53:21 Hussar
56:14 Chain Barding Armor
58:17 Iron Casting
61:36 Blast Furnace
Sekekama
0:26 Loom
12:12 Feudal Age
12:35 Man-at-Arms
16:39 Double-Bit Axe
24:44 Castle Age
23:36 Gold Mining
23:46 Horse Collar
24:43 Scale Barding Armor
25:15 Bloodlines
26:19 Forging
26:05 Town Watch
26:56 Husbandry
33:29 Chain Barding Armor
35:06 Fletching
36:25 Iron Casting
45:34 Imperial Age
45:41 Heavy Camel Rider
47:57 Blast Furnace
48:16 Padded Archer Armor
51:31 Ballistics
51:14 Bodkin Arrow
51:29 Thumb Ring
51:16 Elite Genitour
52:05 Bracer
53:09 Chemistry
53:25 Light Cavalry
56:54 Wheelbarrow
56:20 Town Patrol
55:49 Hussar
58:24 Plate Barding Armor
58:05 Leather Archer Armor
60:05 Capped Ram
Connection lost

Rejoining the realm…

Still unreachable

The connection could not be restored.

Session expired

The server has moved on; the page needs a fresh start.